 Dungeon Crawl Stone Soup version 0.26.1-11-gd32895ea62 (webtiles) character file.

Game seed: 4185201804798582338

386 dtburroughs the Chopper (level 6, -21/56 HPs)
             Began as a Minotaur Berserker on May 12, 2021.
             Was a Priest of Trog.
             Demolished by a two-headed ogre
             ... wielding a +0 giant club
              (24 damage)
             ... on level 4 of the Dungeon.
             The game lasted 00:06:05 (4205 turns).

dtburroughs the Chopper (Minotaur Berserker)        Turns: 4205, Time: 00:06:06

Health: -21/56     AC: 13    Str: 22    XL:     6   Next: 48%
Magic:  5/5        EV: 12    Int:  6    God:    Trog [***...]
Gold:   309        SH:  0    Dex:  9    Spells: 5/5 levels left

rFire    . . .     SeeInvis .   n - +1 flail (protect)
rCold    . . .     Faith    .   (no shield)
rNeg     . . .     Spirit   .   m - +0 ring mail
rPois    .         Reflect  .   (helmet restricted)
rElec    .         Harm     .   (no cloak)
rCorr    .         Rampage  .   (no gloves)
Will     .....                  (no boots)
Stlth    ..........             (no amulet)
HPRegen  0.18/turn              (no ring)
MPRegen  0.09/turn              (no ring)

@: protection aura
A: retaliatory headbutt, horns 2
a: Renounce Religion, Berserk, Trog's Hand


You were on level 4 of the Dungeon.
You worshipped Trog.
Trog was most pleased with you.
You visited 1 branch of the dungeon, and saw 4 of its levels.

You collected 309 gold pieces.

Inventory:

Hand Weapons
 a - a +0 hand axe
 n - a +1 flail of protection (weapon)
 v - a +0 morningstar
Missiles
 q - 4 boomerangs of dispersal
Armour
 m - a +0 ring mail (worn)
Jewellery
 p - an uncursed amulet of magic regeneration {unknown}
 u - an uncursed ring of ice {unknown}
Scrolls
 b - a scroll of amnesia {unknown}
 e - 9 scrolls of identify {unknown}
 g - 3 scrolls of remove curse {unknown}
 h - a scroll of enchant weapon {unknown}
 i - 2 scrolls of immolation {unknown}
 l - 3 scrolls of random uselessness {unknown}
 o - a scroll of fear {unknown}
 r - a scroll of magic mapping {unknown}
 t - 2 scrolls of teleportation {unknown}
 x - 2 scrolls of blinking {unknown}
Potions
 c - a potion of cancellation {unknown}
 d - 2 potions of curing {unknown}
 f - 3 potions of haste {unknown}
 j - a potion of degeneration {unknown}
 k - a potion of might {unknown}
 s - a potion of lignification {unknown}
 w - a potion of heal wounds {unknown}


   Skills:
 + Level 5.3 Fighting
 + Level 5.4 Axes
 + Level 4.7 Armour
 + Level 4.2 Dodging


You had 5 spell levels left.
You didn't know any spells.
Your spell library was empty.

Dungeon Overview and Level Annotations

Branches:
Dungeon (4/15)
 Temple: D:4-7

Altars:
Cheibriados
Gozag
Vehumet
Xom
The Shining One


Innate Abilities, Weirdness & Mutations

You reflexively headbutt those who attack you in melee.
You have a pair of horns on your head.


Message History

The two-headed ogre is lightly wounded.
The two-headed ogre closely misses you. You furiously retaliate!
You headbutt the two-headed ogre.
The two-headed ogre hits you but does no damage.
You hit the two-headed ogre but do no damage.
You headbutt the two-headed ogre.
The two-headed ogre is lightly wounded.
The two-headed ogre barely misses you.
The two-headed ogre hits you with a +0 giant club.
You hit the two-headed ogre but do no damage.
The two-headed ogre is lightly wounded.
The two-headed ogre hits you with a +0 giant club!!
The two-headed ogre hits you with a +0 giant club!
You hit the two-headed ogre but do no damage.
Your headbutt misses the two-headed ogre.
The two-headed ogre is lightly wounded.
The two-headed ogre hits you with a +0 giant club!
* * * LOW HITPOINT WARNING * * *
The two-headed ogre hits you with a +0 giant club!!
You die...

.......## ###
....##.##### #.##
.##.#...#..###..#
..##.......##...#
..#...........#.###
..............#...##
##.................#
..............##.###
......##....####@#
.....###.........O...#
...#..
##....#######..#
....## #


You could see a two-headed ogre.

Vanquished Creatures
  A bullfrog skeleton (D:2)
  2 hounds (D:4)
  An orc wizard (D:3)
  Terence (D:2)
  3 worker ants (D:4)
  6 adders
  An ooze (D:1)
  3 worms
  2 dart slugs
  2 leopard geckos (D:3)
  8 orcs
  A ball python (D:3)
  6 bats
  4 giant cockroaches
  9 goblins
  13 hobgoblins
  8 jackals
  7 kobolds
  A quokka (D:2)
  A ball python skeleton (D:4)
  8 frilled lizards
  A leopard gecko skeleton (D:4)
  12 rats
101 creatures vanquished.

Vanquished Creatures (others)
  2 plants (D:4)
2 creatures vanquished.

Grand Total: 103 creatures vanquished

Notes
Turn   | Place    | Note
-------+----------+-------------------------------------------
     0 | D:1      | dtburroughs the Minotaur Berserker began the quest for the
                  | Orb.
     0 | D:1      | Reached XP level 1. HP: 19/19 MP: 0/0
   279 | D:1      | Reached XP level 2. HP: 24/27 MP: 1/1
   817 | D:1      | Reached ** piety under Trog
   818 | D:1      | Reached XP level 3. HP: 28/33 MP: 2/2
  1643 | D:2      | Reached XP level 4. HP: 19/40 MP: 3/3
  2142 | D:2      | Noticed Terence
  2155 | D:2      | Killed Terence
  2434 | D:2      | Found a shimmering altar of Xom.
  2667 | D:3      | Reached XP level 5. HP: 47/47 MP: 4/4
  2768 | D:3      | Reached *** piety under Trog
  3668 | D:4      | Reached skill level 5 in Axes
  3752 | D:4      | Reached skill level 5 in Fighting
  4027 | D:4      | Reached XP level 6. HP: 56/56 MP: 5/5
  4053 | D:4      | Found a radiant altar of Vehumet.
  4053 | D:4      | Found a snail-covered altar of Cheibriados.
  4059 | D:4      | Found a glowing golden altar of the Shining One.
  4137 | D:4      | Found an opulent altar of Gozag.
  4199 | D:4      | Noticed a two-headed ogre
  4205 | D:4      | Demolished by a two-headed ogre

Illustrated notes

Levels and vault maps discovered:
D:1:      amcnicky_arrival_choice, layout_basic, grunt_decor_arrowhead,
          minmay_misc_feat_nine_boxes, minmay_misc_feat_room
D:2:      layout_loops_ring, lemuel_crystal_altar, uniq_terence
D:3:      layout_basic
D:4:      cheibrodos_old_hovel, layout_cave_pools, lemuel_doored_altar,
          grunt_temple_overflow_open, minmay_temple_entry_slanted, tgw_fedhas

Skill      XL: |  1  2  3  4  5  6 |
---------------+-------------------+-----
Axes           | 4 5 |  5.4
Fighting       | 4 5 |  5.3
Armour         | 3 4 |  4.7
Dodging        | 3 4 |  4.2

Action                   |  1- 3 |  4- 6 || total
-------------------------+-------+-------++-------
Melee: Hand axe          |    73 |    26 ||    99
       Headbutt          |     8 |    24 ||    32
       Flail             |       |   137 ||   137
Armor: Animal skin       |    14 |     1 ||    15
       Ring mail         |       |    65 ||    65
Dodge: Dodged            |    60 |   135 ||   195
